 Dungeon Crawl Stone Soup version v1.3-6-gcec1249 (webtiles) character file.

6546 Faust the Thaumaturge (level 11, -6/64 HPs)
             Began as a Fairy Conjurer on Oct 3, 2018.
             Was a Priest of Kikubaaqudgha.
             Mangled by a two-headed ogre
             ... wielding a +0 giant club
              (29 damage)
             ... on level 10 of the Dungeon on Oct 5, 2018.
             The game lasted 02:19:21 (12269 turns).

Faust the Thaumaturge (Fairy Conjurer)             Turns: 12269, Time: 02:19:22

Health: -6/64      AC:  8    Str:  6    XL:     11   Next: 1%
Magic:  15/29      EV: 18    Int: 26    God:    Kikubaaqudgha [***...]
Gold:   511        SH:  6    Dex: 14    Spells: 8/34 levels left

rFire    . . .     SeeInvis .   J - +7 long sword "Spiderslayer" {slice, *Corrode rPois Int+5}
rCold    . . .     Gourm    .   (shield restricted)
rNeg     . . .     Faith    .   (armour unavailable)
rPois    +         Spirit   .   (no helmet)
rElec    .         Reflect  .   u - +0 cloak
rCorr    .         Harm     .   (no gloves)
MR       ++...                  H - +0 pair of boots
Stlth    +.........             (no amulet)
HPRegen  0.20/turn              I - ring of wizardry
MPRegen  0.21/turn              s - ring of protection from magic

@: no status effects
A: small, magic attunement, unstealthy, unfitting armour, able to fly, AC/SH +6
a: Fly, Receive Corpses, Renounce Religion


You were on level 10 of the Dungeon.
You worshipped Kikubaaqudgha.
Kikubaaqudgha was most pleased with you.
You were not hungry.

You visited 2 branches of the dungeon, and saw 11 of its levels.

You collected 511 gold pieces.

Inventory:

Hand Weapons
 k - a +0 dagger
 m - a +0 rapier
 n - a -2 club
 r - a +1 shortbow of flaming
 t - a +1 long sword
 J - the +7 long sword "Spiderslayer" (weapon) {slice, *Corrode rPois Int+5}
   (You found it on level 8 of the Dungeon)

   It inflicts extra damage upon your enemies.
   It affects your intelligence (+5).
   It protects you from poison.
   It may corrode you when you take damage.
 M - a cursed -3 quarterstaff
Missiles
 E - 1242 arrows
Armour
 u - a +0 cloak (worn)
 H - a +0 pair of boots (worn)
Jewellery
 e - an uncursed ring of see invisible {unknown}
 j - a +1 ring of protection
 s - a ring of protection from magic (right hand)
 v - a +2 ring of evasion
 x - an uncursed ring of positive energy
 y - an uncursed ring of poison resistance
 D - an uncursed ring of ice
 I - a ring of wizardry (left hand)
 K - an uncursed ring of stealth {unknown}
Wands
 f - a wand of flame (33)
 o - a wand of paralysis (13)
 w - a wand of random effects (29)
 A - a wand of disintegration (14)
 F - a wand of clouds (8)
Scrolls
 l - a scroll of enchant armour
 B - 2 scrolls of enchant weapon
 L - 2 scrolls of identify
Potions
 a - a potion of heal wounds
 c - 3 potions of curing
 d - a potion of lignification {unknown}
 g - 4 potions of brilliance
 h - 2 potions of mutation
 i - 2 potions of haste
 z - 2 potions of might {unknown}
 C - a potion of agility {unknown}
 G - a potion of invisibility {unknown}
Comestibles
 b - 6 rations
 q - 5 chunks of flesh


   Skills:
 + Level 2.2 Fighting
 + Level 1.2 Long Blades
 + Level 1.3 Bows
 + Level 6.3 Dodging
 + Level 3.7 Stealth
 + Level 12.2 Spellcasting
 + Level 11.4 Conjurations
 + Level 2.3 Hexes
 + Level 0.2 Summonings
 + Level 4.2 Necromancy
 + Level 1.5 Translocations
 + Level 1.3 Ice Magic


You had 8 spell levels left.
You knew the following spells:

 Your Spells              Type           Power        Failure   Level  Hunger
a - Magic Dart            Conj           ####         1%          1    None
b - Searing Ray           Conj           ######       1%          2    None
c - Dazzling Spray        Conj/Hex       ######       1%          3    None
d - Iskenderun's Mystic   Conj           ######..     1%          4    None
e - Fulminant Prism       Conj/Hex       ######....   1%          4    None
f - Force Lance           Conj/Tloc      #####...     1%          4    None
g - Animate Skeleton      Necr           N/A          1%          1    None
h - Vampiric Draining     Necr           #####.....   1%          3    None
i - Summon Ice Beast      Ice/Summ       ###.....     11%         4    None

Your spell library contained the following spells:

 Spells                   Type           Power        Failure   Level  Hunger
 Throw Frost              Conj/Ice       #####.       1%          2    None
 Bolt of Draining         Conj/Necr      ######....   1%          5    None
 Pain                     Necr           ####         1%          1    None
 Freeze                   Ice            ###.         1%          1    None
 Ozocubu's Armour         Chrm/Ice       ###.....     3%          3    None
 Dispel Undead            Necr           #####...     8%          5    None
 Sublimation of Blood     Necr           #####.....   1%          2    None
 Death Channel            Necr           #####.....   36%         6    None
 Throw Icicle             Conj/Ice       #####...     1%          4    None
 Simulacrum               Ice/Necr       ####......   56%         6    None
 Borgnjor's Vile Clutch   Necr/Erth      ####......   17%         5    None


Dungeon Overview and Level Annotations

Branches:
Dungeon (10/12)            Temple (1/1) D:4            Lair (0/6) D:9
    Orc: D:8-11

Altars:
Ashenzari
Cheibriados
Dithmenos
Elyvilon
Fedhas
Gozag
Hepliaklqana
Kikubaaqudgha
Lugonu
Nemelex Xobeh
Okawaru
Qazlal
Ru
Sif Muna
Trog
Uskayaw
Vehumet
Wu Jian
Xom
Yredelemnul
Zin
The Shining One

Shops:
D:9 (

Annotations:
D:4
Temple
D:10 3 runed doors, Jihy's ghost, journeyman MiAc


Innate Abilities, Weirdness & Mutations

Your spells do not cause hunger and MP costs are reduced by 1.
Your bright wings attract enemies. (Stealth-)
You cannot fit into any form of body armour.
Your shimmering scales are hard and can block incoming attacks. (AC +6, SH +6)
You are small and have problems with some larger weapons.
You can fly continuously.


Message History

You finish channeling your searing ray.
You block the two-headed ogre's attack.
The two-headed ogre hits you with a giant club!!
Casting: Searing Ray (safe; 1% risk of failure)
Confirm with . or Enter, or press ? or * to list all spells.
Aiming: Searing Ray (safe; 1% risk of failure)
Press: ? - help, Shift-Dir - straight line, f/p - two-headed ogre
Aim: a two-headed ogre, wielding two giant clubs (moderately wounded)
The searing ray hits the two-headed ogre.
The two-headed ogre is heavily wounded. (Press . to maintain the ray.)
The searing ray hits the two-headed ogre.
The two-headed ogre is severely wounded.
The two-headed ogre misses you.
You riposte.
You hit the two-headed ogre.
The two-headed ogre is severely wounded.
The two-headed ogre misses you.
The searing ray hits the two-headed ogre.
The two-headed ogre is almost dead.
The two-headed ogre hits you with a giant club!!
You die...
Kikubaaqudgha rasps: "You have failed me!
Welcome... death!"

..........+ .#.# .#
#....+.....:.#
#....+O.#.#$.#
#....#oo.#...#
#.†..#QWF....#
#†...#########
#.............
.#####.............
.........@...=.!...
..######.)O........
.... #...........
... #.)...>..... .>
#.))........ .
#..######### #)(#
#..# #..+


You could see a two-headed ogre.

Vanquished Creatures
  A two-headed ogre (D:10)
  An elephant (D:9)
  Joseph (D:9)
  2 trolls (D:9)
  2 hippogriffs
  Sigmund (D:2)
  A wyvern (D:9)
  2 yaks (D:9)
  2 basilisks (D:9)
  A hungry ghost (D:8)
  An ice beast (D:6)
  An orc warrior (D:6)
  2 black bears
  2 phantoms
  3 ogres
  2 centaurs (D:10)
  4 big kobolds
  6 bullfrogs
  6 scorpions
  3 killer bees (D:7)
  2 vampire bats
  2 centaur zombies
  2 howler monkeys
  A jelly (D:8)
  An orc priest (D:4)
  2 bullfrog skeletons
  5 hounds
  3 orc wizards
  Ijyb (D:3)
  2 iguanas
  A statue (D:9)
  3 worker ants
  A hound zombie (D:5)
  A hound skeleton (D:6)
  A howler monkey skeleton (D:4)
  5 adders
  6 oozes
  2 worms
  A dart slug (D:2)
  3 fire bats (D:5)
  4 leopard geckos
  26 orcs
  2 spectral bats (D:5)
  3 ball pythons
  8 bat skeletons
  2 bat zombies
  2 giant cockroaches
  4 goblins
  5 hobgoblins
  3 jackals (D:2)
  25 kobolds
  5 quokkas
  16 bats
  A bat simulacrum (D:5)
  6 frilled lizards
  A leopard gecko skeleton (D:5)
  A quokka skeleton (D:6)
  9 rats
  A fulminant prism (D:8)
  A plant (D:9)
214 creatures vanquished.

Vanquished Creatures (collateral kills)
  A centaur skeleton (D:9)
  A yak (D:9)
  A big kobold (D:9)
  A bullfrog (D:9)
  2 jellies
  A quasit (D:9)
  2 worker ants (D:9)
  A hound skeleton (D:6)
  A worker ant zombie (D:9)
  2 orcs
  A bat (D:5)
14 creatures vanquished.

Vanquished Creatures (others)
  23 fulminant prisms
23 creatures vanquished.

Grand Total: 251 creatures vanquished

Notes
Turn   | Place    | Note
-------+----------+-------------------------------------------
     0 | D:1      | Faust the Fairy Conjurer began the quest for the Orb.
     0 | D:1      | Reached XP level 1. HP: 11/11 MP: 6/6
    67 | D:1      | Reached skill level 5 in Conjurations
    97 | D:1      | Reached XP level 2. HP: 13/17 MP: 5/7
   101 | D:1      | Learned a level 2 spell: Searing Ray
   259 | D:1      | Reached skill level 3 in Spellcasting
   818 | D:2      | Found an ornate altar of the Wu Jian Council.
   822 | D:2      | Reached XP level 3. HP: 21/21 MP: 9/9
   914 | D:2      | Noticed Sigmund
   930 | D:2      | Killed Sigmund
   930 | D:2      | Reached skill level 4 in Spellcasting
   930 | D:2      | Reached XP level 4. HP: 22/27 MP: 7/12
   930 | D:2      | Reached XP level 5. HP: 25/31 MP: 7/13
  1056 | D:2      | Learned a level 4 spell: Iskenderun's Mystic Blast
  1061 | D:2      | Learned a level 4 spell: Fulminant Prism
  1079 | D:2      | Found a faded altar of an unknown god.
  1709 | D:2      | Found a blossoming altar of Fedhas.
  2116 | D:3      | Reached XP level 6. HP: 36/36 MP: 14/14
  2744 | D:3      | Noticed Ijyb
  2769 | D:3      | Killed Ijyb
  3043 | D:3      | Found an ancient bone altar of Kikubaaqudgha.
  3064 | D:3      | Became a worshipper of Kikubaaqudgha
  3157 | D:3      | Reached skill level 5 in Spellcasting
  3181 | D:3      | Learned a level 4 spell: Force Lance
  3260 | D:3      | Found a hazy altar of Hepliaklqana.
  3267 | D:3      | Found an iron altar of Okawaru.
  3736 | D:4      | Reached XP level 7. HP: 41/41 MP: 8/17
  3754 | D:4      | Reached skill level 6 in Spellcasting
  3774 | D:4      | Learned a level 3 spell: Dazzling Spray
  3853 | D:4      | Found a basalt altar of Yredelemnul.
  4105 | D:4      | Reached * piety under Kikubaaqudgha
  4105 | D:4      | Identified Kikubaaqudgha's Papyrus of Evil (Kikubaaqudgha gifted it to you on level 4 of the Dungeon)
  4105 | D:4      | Received a gift from Kikubaaqudgha
  4111 | D:4      | Learned a level 1 spell: Animate Skeleton
  4234 | D:4      | Found a staircase to the Ecumenical Temple.
  4250 | D:4      | Reached skill level 7 in Spellcasting
  4258 | Temple   | Entered the Ecumenical Temple
  4802 | D:5      | Entered Level 5 of the Dungeon
  5339 | D:5      | Reached XP level 8. HP: 46/46 MP: 20/20
  5960 | D:6      | Reached skill level 8 in Spellcasting
  6051 | D:6      | Reached skill level 1 in Necromancy
  6206 | D:6      | Reached skill level 9 in Spellcasting
  6328 | D:6      | Reached ** piety under Kikubaaqudgha
  6579 | D:6      | Reached XP level 9. HP: 51/51 MP: 19/24
  7573 | D:7      | Reached skill level 10 in Conjurations
  7590 | D:7      | Reached skill level 1 in Translocations
  7661 | D:7      | Reached skill level 1 in Hexes
  8440 | D:7      | Learned a level 3 spell: Vampiric Draining
  8599 | D:7      | Reached skill level 10 in Spellcasting
  9173 | D:8      | Found a sparkling altar of Nemelex Xobeh.
  9481 | D:8      | Reached *** piety under Kikubaaqudgha
  9481 | D:8      | Identified Kikubaaqudgha's Papyrus of Black Rituals (Kikubaaqudgha gifted it to you on level 8 of the Dungeon)
  9481 | D:8      | Received a gift from Kikubaaqudgha
  9503 | D:8      | Learned a level 4 spell: Summon Ice Beast
  9563 | D:8      | Got a brightly glowing long sword
  9565 | D:8      | Identified the +7 long sword "Spiderslayer" {slice, *Corrode rPois Int+5} (You found it on level 8 of the Dungeon)
 10035 | D:9      | Found a staircase to the Lair.
 10035 | D:9      | Noticed an elephant
 10037 | D:9      | Found a radiant altar of Vehumet.
 10054 | D:9      | Reached XP level 10. HP: 48/57 MP: 19/26
 10059 | D:9      | Reached skill level 1 in Fighting
 10080 | D:9      | Killed an elephant
 10080 | D:9      | Reached skill level 1 in Bows
 10239 | D:9      | Reached skill level 11 in Spellcasting
 10250 | D:9      | Reached skill level 5 in Dodging
 10349 | D:9      | Found Ohui's Antique Weapon Boutique.
 10384 | D:9      | Found a bloodstained altar of Trog.
 10459 | D:9      | Found a sacrificial altar of Ru.
 10564 | D:9      | Noticed Joseph
 10572 | D:9      | Killed Joseph
 10774 | D:9      | Reached skill level 1 in Long Blades
 12169 | D:10     | Entered Level 10 of the Dungeon
 12169 | D:10     | Noticed an ogre mage
 12169 | D:10     | Noticed a two-headed ogre
 12169 | D:10     | Noticed a two-headed ogre
 12169 | D:10     | Noticed a two-headed ogre
 12172 | D:10     | Noticed a two-headed ogre
 12178 | D:10     | Found a runed gate.
 12178 | D:10     | Found a runed gate.
 12178 | D:10     | Found a runed gate.
 12178 | D:10     | Noticed a two-headed ogre
 12178 | D:10     | Noticed Jihy's ghost (journeyman MiAc)
 12212 | D:10     | Reached skill level 12 in Spellcasting
 12230 | D:10     | Reached skill level 1 in Ice Magic
 12266 | D:10     | Killed a two-headed ogre
 12266 | D:10     | Reached XP level 11. HP: 43/64 MP: 18/29
 12269 | D:10     | Mangled by a two-headed ogre

Skill      XL: |  1  2  3  4  5  6  7  8  9 10 |
---------------+-------------------------------+-----
Conjurations   | 5 7 8 9 10 11 | 11.4
Spellcasting   | 3 4 5 7 9 10 12 | 12.2
Dodging        | 3 4 6 |  6.3
Stealth        | 2 3 |  3.7
Necromancy     | 1 3 4 |  4.2
Translocations | 1 |  1.5
Hexes          | 1 2 |  2.3
Fighting       | 2 |  2.2
Bows           | 1 |  1.3
Long Blades    | 1 |  1.2
Ice Magic      | 1 |  1.3
Summonings     | |  0.2

Action                   |  1- 3 |  4- 6 |  7- 9 | 10-12 || total
-------------------------+-------+-------+-------+-------++-------
Melee: Long sword        |       |       |       |    21 ||    21
 Fire: Shortbow          |       |       |     2 |       ||     2
 Cast: Magic Dart        |    30 |    44 |    63 |    23 ||   160
       Searing Ray       |     5 |    19 |    50 |    20 ||    94
       Iskenderun's Myst |       |     3 |    30 |    13 ||    46
       Fulminant Prism   |       |     4 |    15 |     5 ||    24
       Force Lance       |       |     1 |     3 |       ||     4
       Animate Skeleton  |       |       |    14 |    15 ||    29
       Dazzling Spray    |       |       |     2 |     2 ||     4
       Summon Ice Beast  |       |       |       |     2 ||     2
Invok: Receive Corpses   |       |       |       |     4 ||     4
 Abil: Stop Flying       |     1 |     3 |     1 |     1 ||     6
       Fly               |     1 |     2 |     2 |       ||     5
  Use: Scroll            |       |    10 |    16 |     2 ||    28
       Potion            |       |     1 |     2 |     2 ||     5
  Eat: Ration            |       |     2 |     6 |     2 ||    10
       Chunk             |       |     2 |       |     1 ||     3
Armor: Skin              |     2 |     5 |    24 |     9 ||    40
Dodge: Dodged            |     8 |    22 |    48 |    62 ||   140
Block: Other             |       |    12 |    23 |    26 ||    61
       Rpst.: Long sword |       |     1 |     7 |    14 ||    22
       Falchion          |       |       |     7 |       ||     7
